 Dungeon Crawl Stone Soup version 0.17.1-1-g73c8601 (webtiles) character file.

2384 Implojin the Grappler (level 9, -3/93 HPs)
             Began as a Troll Monk on Apr 5, 2016.
             Was a Priest of Cheibriados.
             Slain by an orc warrior
             ... wielding a +0 dire flail
              (22 damage)
             ... on level 11 of the Dungeon.
             The game lasted 00:07:44 (1159 turns).

Implojin the Grappler (Troll Monk)                  Turns: 1159, Time: 00:07:44

Health: -3/93      AC:  5    Str: 27    XL:     9   Next: 22%
Magic:  8/8        EV: 16    Int: 12    God:    Cheibriados [***...]
Gold:   182        SH:  0    Dex: 26    Spells: 0 memorised, 8 levels left

rFire  . . .     SeeInvis .       - Unarmed
rCold  . . .     Clarity  .     m - troll hide
rNeg   . . .     SustAt   .     (no shield)
rPois  .         Gourm    +     (helmet restricted)
rElec  .         Spirit   .     (no cloak)
rCorr  .         Warding  .     (gloves unavailable)
rMut   .         Stasis   .     (boots unavailable)
MR     .....                    (no amulet)
Stlth  +++.......               (no ring)
                                (no ring)

@: agile, very slow, not resistant to hostile enchantments, fairly stealthy
A: unfitting armour, claws 3, fast metabolism 3, gourmand, regeneration 2,
shaggy fur 1, tough skin 2
a: Bend Time, Temporal Distortion, Renounce Religion


You were on level 11 of the Dungeon.
You worshipped Cheibriados.
Cheibriados was most pleased with you.
You were completely stuffed.

You visited 1 branch of the dungeon, and saw 11 of its levels.

You collected 182 gold pieces.

Inventory:

Armour
 a - a +0 robe
 k - a +0 shield
 m - a troll hide (worn)
Scrolls
 c - a scroll of amnesia {unknown}
 d - a scroll of recharging {unknown}
 g - a scroll of enchant armour {unknown}
 i - a scroll of fear {unknown}
 o - a scroll of enchant weapon {unknown}
Potions
 e - a potion of mutation
 j - a potion of degeneration {unknown}
 n - a potion of poison {unknown}
Comestibles
 b - 3 bread rations
 f - a beef jerky
 l - 3 chunks of flesh
 p - a slice of pizza


   Skills:
 * Level 7.5 Fighting
 - Level 2.4 Dodging
 - Level 1.1 Stealth
 - Level 10.0 Unarmed Combat


You had 8 spell levels left.
You didn't know any spells.

Dungeon Overview and Level Annotations

Branches:
Dungeon (11/15)
 Temple: D:4-7         Lair: D:8-11         Orc: D:9-12

Altars:
Cheibriados
Nemelex Xobeh
Xom

Annotations:
D:11 Gastronok


Innate Abilities, Weirdness & Mutations

You are too large for most types of armour.
You have claws for hands.
Your metabolism is lightning-fast.
You like to eat raw meat.
You heal very quickly.
You are covered in fur (AC +1).
You have very tough skin (AC +2).


Message History

You scratch the centaur.
The centaur is heavily wounded.
The centaur barely misses you.
You claw the centaur!
The centaur is almost dead.
You hear a shout! x2
The centaur closely misses you.
You scratch the centaur.
The centaur is almost dead.
The centaur misses you.
You claw the centaur!
You kill the centaur!
Cheibriados thoroughly appreciates the change of pace.
You can now warp the flow of time around you.
You barely miss the orc warrior.
The orc warrior hits you with a dire flail!
* * * LOW HITPOINT WARNING * * *
You scratch the orc warrior.
The orc warrior is lightly wounded.
The orc warrior closely misses you.
Unknown command.
Drink which item? (? for menu, Esc to quit)
Okay, then.
Read which item? (? for menu, Esc to quit)
Okay, then.
You claw the orc warrior!
The orc warrior is heavily wounded.
An orc comes into view. It is wielding a hand axe.
Unknown command.
You scratch the orc warrior.
The orc warrior is heavily wounded.
You scratch the orc warrior.
The orc warrior is severely wounded.
The orc warrior misses you. The orc closely misses you.
You scratch the orc warrior.
The orc warrior is almost dead.
You scratch the orc warrior but do no damage.
The orc warrior is almost dead.
The orc warrior hits you with a dire flail!!
You die...

..###### ......#...+
#.....#...#
#.....+...##
#.....#....
#.....#...#
#.....#...#
#.....#o..#
######....@#o..##..
#.<..รท....oo).......
#..........######...
#............. .
#.............
#..............
#..............
#...............
#............


You could see an orc warrior and an orc wizard.

Vanquished Creatures
  A troll (D:11)
  Sigmund (D:4)
  4 yaks
  A water moccasin (D:6)
  2 ice beasts
  3 ogres
  3 centaurs (D:11)
  A big kobold (D:8)
  Blork the orc (D:6)
  A giant frog (D:8)
  5 killer bees (D:9)
  A jelly (D:6)
  A giant frog zombie (D:8)
  An orc wizard (D:4)
  3 worker ants (D:6)
  An adder (D:4)
  7 gnolls (D:6)
  2 orcs (D:4)
  A ball python (D:1)
  A bat (D:1)
  3 hobgoblins
  7 jackals
  4 kobolds
  2 giant cockroaches
  A giant newt (D:4)
  A goblin (D:2)
  2 rats
61 creatures vanquished.

Notes
Turn   | Place    | Note
--------------------------------------------------------------
     0 | D:1      | Implojin the Troll Monk began the quest for the Orb.
     0 | D:1      | Reached XP level 1. HP: 22/22 MP: 0/0
   191 | D:2      | Reached XP level 2. HP: 29/29 MP: 1/1
   291 | D:4      | Noticed an ogre
   297 | D:4      | Killed an ogre
   297 | D:4      | Reached skill level 6 in Unarmed Combat
   297 | D:4      | Reached XP level 3. HP: 28/36 MP: 2/2
   297 | D:4      | Reached XP level 4. HP: 34/44 MP: 3/3
   320 | D:4      | Noticed Sigmund
   328 | D:4      | Killed Sigmund
   328 | D:4      | Reached skill level 7 in Unarmed Combat
   328 | D:4      | Reached XP level 5. HP: 38/50 MP: 4/4
   345 | D:4      | Reached XP level 6. HP: 53/59 MP: 5/5
   386 | D:5      | Entered Level 5 of the Dungeon
   416 | D:6      | Reached skill level 8 in Unarmed Combat
   442 | D:6      | Noticed a water moccasin
   451 | D:6      | Killed a water moccasin
   451 | D:6      | Reached XP level 7. HP: 29/66 MP: 6/6
   463 | D:6      | Reached skill level 9 in Unarmed Combat
   522 | D:6      | Noticed Blork the orc
   554 | D:6      | Killed Blork the orc
   611 | D:6      | Found a shimmering altar of Xom.
   724 | D:7      | Found a snail-covered altar of Cheibriados.
   748 | D:7      | Became a worshipper of Cheibriados the Contemplative
   748 | D:7      | Reached * piety under Cheibriados
   748 | D:7      | Reached ** piety under Cheibriados
   788 | D:8      | Reached skill level 10 in Unarmed Combat
   805 | D:8      | Reached skill level 3 in Fighting
   805 | D:8      | Reached XP level 8. HP: 68/75 MP: 7/7
   864 | D:9      | Reached skill level 4 in Fighting
   871 | D:9      | Reached skill level 5 in Fighting
   943 | D:9      | Reached skill level 6 in Fighting
   951 | D:9      | Found a sparkling altar of Nemelex Xobeh.
   965 | D:10     | Entered Level 10 of the Dungeon
   999 | D:11     | Noticed Gastronok
   999 | D:11     | Noticed a centaur skeleton
  1100 | D:11     | Noticed a troll
  1105 | D:11     | Killed a troll
  1105 | D:11     | Reached skill level 7 in Fighting
  1105 | D:11     | Reached XP level 9. HP: 87/93 MP: 8/8
  1152 | D:11     | Reached *** piety under Cheibriados
  1159 | D:11     | Slain by an orc warrior

Action                   |  1- 3 |  4- 6 |  7- 9 || total
-------------------------+-------+-------+-------++-------
Melee: Unarmed           |    52 |    37 |   134 ||   223
Throw: Throwing net      |       |       |     2 ||     2
  Use: Potion            |       |     1 |     2 ||     3
       Scroll            |       |       |     3 ||     3
 Stab: Sleeping          |       |     2 |       ||     2
       Held in net/web   |       |       |     1 ||     1
  Eat: Chunk             |     4 |     4 |     7 ||    15

Table legend:
 A = Turns spent in this place as a percentage of turns spent in the entire game.
 B = Non-inter-level travel turns spent in this place as a percentage of non-inter-level travel turns spent in the entire game.
 C = Inter-level travel turns spent in this place as a percentage of turns spent in this place.
 D = Turns resting spent in this place as a percentage of non-inter-level travel turns spent in this place.
 E = Turns spent auto-exploring this place as a percentage of non-inter-level travel turns spent in this place.
 F = Non-inter-level travel turns spent in this place divided by the number of levels of this place that you've seen.
                   A       B       C       D       E      F
               +-------+-------+-------+-------+-------+----------------------
         Total | 100.0 | 100.0 |   0.0 |   0.0 |   0.0 | 101.7
       Dungeon | 100.0 | 100.0 |   0.0 |   0.0 |   0.0 | 101.7
               +-------+-------+-------+-------+-------+----------------------

Table legend:
 A = Kills in this place as a percentage of kills in entire the game.
 B = Kills by you in this place as a percentage of kills by you in the entire game.
 C = Kills by friends in this place as a percentage of kills by friends in the entire game.
 D = Other kills in this place as a percentage of other kills in the entire game.
 E = Experience gained in this place as a percentage of experience gained in the entire game.
 F = Experience gained in this place divided by the number of levels of this place that you have seen.
                   A       B       C       D       E      F
               +-------+-------+-------+-------+-------+----------------------
         Total | 100.0 | 100.0 |  -nan |  -nan | 100.0 | 309.7
       Dungeon | 100.0 | 100.0 |  -nan |  -nan | 100.0 | 309.7
               +-------+-------+-------+-------+-------+----------------------
